 Dungeon Crawl Stone Soup version 0.28.0-43-g3370ac3207 (webtiles) character file.

Game seed: 11014277690404281833

36024 Revguard the Thaumaturge (level 13, -2/88 HPs)
             Began as a Demonspawn Ice Elementalist on Mar 9, 2022.
             Was a High Priest of Cheibriados.
             Killed by mirror damage (6 damage)
             ... on level 13 of the Dungeon.
             The game lasted 01:14:49 (16927 turns).

Revguard the Thaumaturge (DsIE)                    Turns: 16927, Time: 01:14:55

Health: -2/88      AC: 13    Str: 20    XL:     13   Next: 50%
Magic:  0/26       EV: 18    Int: 43    God:    Cheibriados [*****.]
Gold:   443        SH:  4    Dex: 26    Spells: 4/30 levels left

rFire   + . .      SeeInvis .   g - +7 pair of quick blades "Gyre" and "Gimble" {protect}
rCold   + + +      Faith    .   (shield currently unavailable)
rNeg    + . .      Spirit   +   n - +2 robe {rF+}
rPois   .          Reflect  .   (helmet unavailable)
rElec   +          Harm     .   (cloak unavailable)
rCorr   +          Rampage  .   (no gloves)
Will    .....                   (no boots)
Stlth   ++++......              C - amulet of magic regeneration
HPRegen 0.24/turn               w - ring of Orthodoxy {rN+ Int+6 Slay+3}
MPRegen 0.80/turn               y - ring of Paranoia {rElec rC+++ rCorr Str-3 Int+6}

@: under a protective aura, freezing walls, very slow
A: horns 3, magic shield, magic regeneration, condensation shield, weakness
stinger 3, demonic touch 2, iridescent scales 1, frail 1
a: Renounce Religion, Bend Time, Temporal Distortion, Slouch, Step From Time


You were on level 13 of the Dungeon.
You worshipped Cheibriados.
Cheibriados was extremely pleased with you.
You visited 2 branches of the dungeon, and saw 14 of its levels.
You visited 1 bazaar.

You collected 903 gold pieces.
You spent 460 gold pieces at shops.

Inventory:

Hand Weapons
 g - the +7 pair of quick blades "Gyre" and "Gimble" (weapon) {protect}
   (You acquired it on level 7 of the Dungeon)

   It grants its wielder temporary protection when it strikes (+7 to AC).
Armour
 n - a +2 robe of fire resistance (worn)
 r - a +2 cloak of stealth
Jewellery
 s - a ring of magical power
 t - a ring of see invisible
 u - an amulet of faith
 v - the ring of Saroluci {rElec rPois rCorr Dex+6 Stlth-}
   (You took it off an orc priest on level 8 of the Dungeon)

   [ring of dexterity]

   Dex:       It affects your dexterity (+6).
   rElec:     It insulates you from electricity.
   rPois:     It protects you from poison.
   rCorr:     It protects you from acid and corrosion.
   Stlth:     It makes you less stealthy.
 w - the ring of Orthodoxy (left hand) {rN+ Int+6 Slay+3}
   (You found it on level 8 of the Dungeon)

   [ring of intelligence]

   Int:       It affects your intelligence (+6).
   Slay:      It affects your accuracy & damage with ranged weapons and melee
   (+3).
   rN:        It protects you from negative energy.
 x - the ring "Cauzuhiesm" {Int+4 Slay+4}
   (You found it on level 8 of the Dungeon)

   [ring of slaying]

   Int:       It affects your intelligence (+4).
   Slay:      It affects your accuracy & damage with ranged weapons and melee
   (+4).
 y - the ring of Paranoia (right hand) {rElec rC+++ rCorr Str-3 Int+6}
   (You found it on level 8 of the Dungeon)

   [ring of intelligence]

   Str:       It affects your strength (-3).
   Int:       It affects your intelligence (+6).
   rC:        It renders you almost immune to cold.
   rElec:     It insulates you from electricity.
   rCorr:     It protects you from acid and corrosion.
 z - a ring of protection from cold
 C - an amulet of magic regeneration (around neck)
Wands
 a - a wand of mindburst (5)
 b - a wand of polymorph (4)
 f - a wand of charming (13)
 p - a wand of iceblast (18)
 q - a wand of flame (37)
 D - a wand of digging (2)
Scrolls
 c - a scroll of identify
 d - a scroll of fear
 h - a scroll of amnesia
 m - 5 scrolls of fog
 F - a scroll of teleportation
Potions
 e - 7 potions of attraction
 j - 4 potions of curing
 k - 3 potions of resistance
 l - a potion of brilliance {unknown}
 o - a potion of might
 A - 2 potions of mutation
Miscellaneous
 i - a phial of floods


   Skills:
 + Level 7.7 Fighting
 + Level 7.0 Short Blades
 + Level 7.1 Armour
 + Level 7.3 Dodging
 + Level 8.1 Stealth
 + Level 9.4 Spellcasting
 + Level 6.9 Conjurations
 + Level 1.5 Necromancy
 - Level 0.2 Transmutations
 + Level 8.2 Ice Magic
 - Level 3.3 Poison Magic
 + Level 7.7 Invocations


You had 4 spell levels left.
You knew the following spells:

 Your Spells              Type           Power      Damage    Failure   Level
a - Hailstorm             Conj/Ice       71%        3d15      1%          4
b - Frozen Ramparts       Ice            100%       1d12      1%          3
c - Ozocubu's Armour      Ice            74%        N/A       1%          3
d - Alistair's Intoxicat  Tmut/Pois      23%        N/A       21%         5
e - Freezing Cloud        Conj/Ice/Air   29%        6-21      5%          5
f - Simulacrum            Ice/Necr       29%        N/A       32%         6

Your spell library contained the following spells:

 Spells                   Type           Power      Damage    Failure   Level
 Apportation              Tloc           40%        N/A       1%          1
 Freeze                   Ice            100%       1d11      1%          1
 Leda's Liquefaction      Hex/Erth       10%        N/A       16%         4
 Lee's Rapid Deconstruct  Erth           10%        3d9*      38%         5
 Statue Form              Tmut/Erth      14%        N/A       92%         6
 Polar Vortex             Ice            37%        N/A       100%        9


Dungeon Overview and Level Annotations

Branches:
Dungeon (13/15)            Temple (1/1) D:7            Lair (0/6) D:10
    Orc (0/2) D:10
 Vaults: D:13-14

Altars:
Ashenzari
Cheibriados
Dithmenos
Elyvilon
Fedhas
Gozag
Hepliaklqana
Kikubaaqudgha
Makhleb
Nemelex Xobeh
Okawaru
Qazlal
Ru
Sif Muna
Trog
Uskayaw
Vehumet
Wu Jian
Xom
Yredelemnul
Zin
The Shining One
Jiyva


Innate Abilities, Weirdness & Mutations

You have a pair of large horns on your head.
When hurt, damage is shared between your health and your magic reserves.
You regenerate magic rapidly.
A meltable shield of frost defends you. (SH +4)
You have a sharp stinger which inflicts weakening toxins.
Your touch may inflict irresistible damage on your foes.
You are partially covered in iridescent scales. (AC +2)
You are frail. (-10% HP)


Message History

The seven-headed hydra misses you.
The death knight is engulfed in freezing vapours.
The death knight reflects your damage back at you!
* * * LOW HITPOINT WARNING * * *
You puncture the seven-headed hydra!
Your weapon exudes an aura of protection.
Your headbutt misses the seven-headed hydra.
You hit the seven-headed hydra.
You are engulfed in freezing vapours.
You resist.
You puncture the seven-headed hydra! You hit the seven-headed hydra.
You are engulfed in freezing vapours.
You resist.
You hear a bellow!
The seven-headed hydra is engulfed in freezing vapours.
You kill the seven-headed hydra!
Cheibriados appreciates the change of pace.
You are engulfed in freezing vapours.
You resist.
* * * LOW HITPOINT WARNING * * *
The death knight is engulfed in freezing vapours.
The death knight reflects your damage back at you!
* * * LOW HITPOINT WARNING * * *
The death knight is engulfed in freezing vapours.
The wall freezes the death knight!
The death knight reflects your damage back at you!
* * * LOW HITPOINT WARNING * * *
You feel better.
You are engulfed in freezing vapours.
You resist.
* * * LOW HITPOINT WARNING * * *
The death knight is engulfed in freezing vapours.
The wall freezes the death knight!
You block the death knight's attack.
The death knight reflects your damage back at you!
* * * LOW HITPOINT WARNING * * *
Okay, then.
Okay, then.
You feel better.
You are engulfed in freezing vapours.
You resist.
* * * LOW HITPOINT WARNING * * *
The death knight is engulfed in freezing vapours.
The wall freezes the death knight.
The death knight mumbles some strange prayers to Yredelemnul against you.
You feel a surge of unholy energy.
The death knight reflects your damage back at you!
You die...

#⌠###......#....#.#
#.#
#.....†#)..#.#.#
..#
#......#.)#.#.## ##
#......#†#.#.##
######.†#.####
#††(#.# ##.#.####
##.#§#.# #..#@#
#..§#p# #..$.#§#
#.....#§#
#..#...#§#
#..##...#§# #..#
#...#§# #.. #§


You could see a death knight (reflects damage).

Vanquished Creatures
  The ghost of dricus the Spear-Bearer, a journeyman GnWn of Okawaru (D:12)
  Josephine (D:12)
  3 hydras
  A boulder beetle (D:12)
  Harold (D:7)
  4 two-headed ogres
  2 centaur warriors
  A deep troll earth mage (D:12)
  A tengu warrior (D:12)
  Pikel (D:7)
  6 ugly things
  3 deep elf pyromancers
  5 manticores
  4 cyclopes
  Maurice (D:12)
  6 gargoyles
  3 kobold demonologists
  An unseen horror (shapeshifter) (D:8)
  2 komodo dragons
  A yaktaur (shapeshifter) (D:13)
  An unseen horror (D:8)
  3 trolls
  4 polar bears (D:9)
  A hornet (D:9)
  8 slime creatures
  2 shadows
  A vampire (D:13)
  9 wraiths
  14 yaks
  Menkaure (D:6)
  13 vampire mosquitoes
  4 wargs (D:10)
  3 water moccasins (D:10)
  4 ice beasts
  7 black bears
  2 necrophages (D:7)
  4 wolves (D:9)
  9 centaurs
  3 phantoms
  2 lemures (D:7)
  3 bullfrogs
  3 kobold brigands
  Blork the orc (D:5)
  A wyvern zombie (D:6)
  4 scorpions
  12 wights
  9 killer bees
  5 howler monkeys
  A bullfrog zombie (D:5)
  4 centaur zombies
  A bullfrog skeleton (D:7)
  7 jellies
  Crazy Yiuf (D:5)
  3 gnoll shamans
  5 orc priests
  2 centaur skeletons (D:7)
  Jessica (D:3)
  An iguana (D:5)
  Ijyb (D:5)
  Terence (D:3)
  9 orc wizards
  2 centaur simulacra (D:9)
  17 gnolls
  9 adders
  5 white imps
  A howler monkey simulacrum (D:9)
  An ufetubus (D:9)
  3 worms
  An adder skeleton (D:4)
  5 dart slugs
  27 orcs
  7 ball pythons
  6 endoplasms
  2 giant cockroaches
  6 goblins
  6 hobgoblins
  3 jackals (D:5)
  5 quokkas
  2 bats
  4 frilled lizards
  10 kobolds
  8 rats
348 creatures vanquished.

Vanquished Creatures (others)
  37 fungi (D:10)
  24 plants
61 creatures vanquished.

Grand Total: 409 creatures vanquished

Notes
Turn   | Place    | Note
-------+----------+-------------------------------------------
     0 | D:1      | Revguard the Demonspawn Ice Elementalist began the quest
                  | for the Orb.
     0 | D:1      | Reached XP level 1. HP: 13/13 MP: 3/3
   185 | D:1      | Discovered your monstrous ancestry.
   185 | D:1      | Gained mutation: You have a pair of small horns on your
                  | head. [demonic ancestry]
   185 | D:1      | Reached XP level 2. HP: 9/20 MP: 0/5
  1750 | D:2      | Gained mutation: A meltable shield of frost defends you.
                  | (SH +4) [demonic ancestry]
  1750 | D:2      | Reached XP level 3. HP: 10/25 MP: 2/6
  1982 | D:2      | Learned a level 3 spell: Frozen Ramparts
  2037 | D:2      | Reached skill level 1 in Armour
  2232 | D:2      | Reached skill level 1 in Fighting
  2394 | D:2      | Gained mutation: You have a pair of horns on your head.
                  | [demonic ancestry]
  2394 | D:2      | Reached XP level 4. HP: 26/32 MP: 3/7
  2398 | D:2      | Learned a level 3 spell: Ozocubu's Armour
  2487 | D:2      | Reached skill level 1 in Short Blades
  3771 | D:3      | Gained mutation: You regenerate magic rapidly. [demonic
                  | ancestry]
  3771 | D:3      | Reached XP level 5. HP: 27/37 MP: 1/8
  4049 | D:3      | Noticed Terence
  4065 | D:3      | Killed Terence
  4550 | D:3      | Noticed Jessica
  4559 | D:3      | Killed Jessica
  4846 | D:4      | Gained mutation: When hurt, damage is shared between your
                  | health and your magic reserves. [demonic ancestry]
  4846 | D:4      | Reached XP level 6. HP: 39/44 MP: 7/10
  5627 | D:5      | Entered Level 5 of the Dungeon
  5675 | D:5      | Noticed Ijyb
  5682 | D:5      | Killed Ijyb
  5812 | D:5      | Reached skill level 3 in Spellcasting
  5914 | D:5      | Gained mutation: You have a small tail. [demonic ancestry]
  5914 | D:5      | Reached XP level 7. HP: 31/50 MP: 2/11
  6403 | D:5      | Noticed Blork the orc
  6425 | D:5      | Killed Blork the orc
  6611 | D:5      | Found a runed translucent door.
  6612 | D:5      | Noticed Crazy Yiuf
  6622 | D:5      | Killed Crazy Yiuf
  6844 | D:5      | Reached skill level 4 in Spellcasting
  7007 | D:5      | Gained mutation: You have a pair of large horns on your
                  | head. [demonic ancestry]
  7007 | D:5      | Reached XP level 8. HP: 39/58 MP: 5/14
  7275 | D:5      | Learned a level 4 spell: Hailstorm
  7489 | D:6      | Found a radiant altar of Vehumet.
  7769 | D:6      | Reached skill level 1 in Conjurations
  8017 | D:6      | Reached skill level 5 in Ice Magic
  8124 | D:6      | Noticed a kobold demonologist
  8137 | D:6      | Noticed an orange demon
  8142 | D:6      | Noticed a red devil
  8154 | D:6      | Killed a kobold demonologist
  8155 | D:6      | Reached skill level 5 in Spellcasting
  8508 | D:6      | Noticed Menkaure
  8513 | D:6      | Gained mutation: You have a tail ending in a sharp stinger.
                  | [demonic ancestry]
  8513 | D:6      | Reached XP level 9. HP: 38/65 MP: 7/16
  8516 | D:6      | Killed Menkaure
  9083 | D:7      | Noticed a deep elf pyromancer
  9093 | D:7      | Killed a deep elf pyromancer
  9165 | D:7      | Noticed Harold
  9187 | D:7      | Killed Harold
  9188 | D:7      | Reached skill level 5 in Stealth
  9188 | D:7      | Reached skill level 6 in Spellcasting
  9335 | D:7      | Identified a scroll of acquirement
  9336 | D:7      | Acquired the +7 pair of quick blades "Gyre" and "Gimble"
                  | {protect}
  9336 | D:7      | Found the +7 pair of quick blades "Gyre" and "Gimble"
                  | {protect}
  9541 | D:7      | Noticed Pikel
  9557 | D:7      | Killed Pikel
  9571 | D:7      | Found a staircase to the Ecumenical Temple.
  9584 | D:7      | Gained mutation: Your touch may inflict minor irresistible
                  | damage on your foes. [demonic ancestry]
  9584 | D:7      | Reached XP level 10. HP: 70/73 MP: 16/19
  9593 | Temple   | Entered the Ecumenical Temple
 10174 | Temple   | Became a worshipper of Cheibriados the Contemplative
 10711 | D:7      | Gained mutation: You occasionally shout uncontrollably at
                  | your foes. [potion of mutation]
 10711 | D:7      | Gained mutation: You are frail. (-10% HP) [potion of
                  | mutation]
 10711 | D:7      | Gained mutation: Your flesh is cold resistant. (rC+)
                  | [potion of mutation]
 10712 | D:7      | Lost mutation: Your flesh is cold resistant. (rC+) [potion
                  | of mutation]
 10712 | D:7      | Lost mutation: You occasionally shout uncontrollably at
                  | your foes. [potion of mutation]
 10712 | D:7      | Gained mutation: You are partially covered in iridescent
                  | scales. (AC +2) [potion of mutation]
 10712 | D:7      | Gained mutation: Your magical capacity is low. (-10% MP)
                  | [potion of mutation]
 10713 | D:7      | Lost mutation: You are partially covered in iridescent
                  | scales. (AC +2) [potion of mutation]
 10713 | D:7      | Lost mutation: Your magical capacity is low. (-10% MP)
                  | [potion of mutation]
 10713 | D:7      | Lost mutation: You are frail. (-10% HP) [potion of
                  | mutation]
 10713 | D:7      | Gained mutation: You are frail. (-10% HP) [potion of
                  | mutation]
 10713 | D:7      | Gained mutation: You are partially covered in iridescent
                  | scales. (AC +2) [potion of mutation]
 10740 | D:8      | Noticed a two-headed ogre
 10753 | D:8      | Killed a two-headed ogre
 10754 | D:8      | Reached skill level 5 in Fighting
 10754 | D:8      | Reached skill level 5 in Dodging
 10754 | D:8      | Reached skill level 1 in Invocations
 10833 | D:8      | Found a runed translucent door.
 10834 | D:8      | Found a runed translucent door.
 10834 | D:8      | Noticed a gargoyle
 10842 | D:8      | Killed a gargoyle
 10846 | D:8      | Reached * piety under Cheibriados
 10856 | D:8      | Reached skill level 7 in Spellcasting
 10959 | D:8      | Found a runed translucent door.
 10962 | D:8      | Noticed a manticore
 10962 | D:8      | Noticed a centaur warrior
 11080 | D:8      | Noticed a five-headed hydra
 11080 | D:8      | Noticed a two-headed ogre
 11082 | D:8      | Noticed a cyclops
 11085 | D:8      | Noticed a gargoyle
 11086 | D:8      | Reached skill level 5 in Armour
 11089 | D:8      | Killed a five-headed hydra
 11090 | D:8      | Killed a two-headed ogre
 11091 | D:8      | Reached skill level 5 in Short Blades
 11091 | D:8      | Reached XP level 11. HP: 71/72 MP: 8/22
 11091 | D:8      | Identified the ring of Saroluci {rElec rPois rCorr Dex+6
                  | Stlth-}
 11136 | D:8      | Identified the ring of Orthodoxy {rN+ Int+6 Slay+3}
 11261 | D:8      | Identified the ring "Cauzuhiesm" {Int+4 Slay+4}
 11264 | D:8      | Identified the ring of Paranoia {rElec rC+++ rCorr Str-3
                  | Int+6}
 11821 | D:8      | Reached ** piety under Cheibriados
 11969 | D:8      | Killed a centaur warrior
 12130 | D:9      | Reached skill level 8 in Spellcasting
 12145 | D:9      | Reached skill level 5 in Conjurations
 12389 | D:9      | Reached *** piety under Cheibriados
 12755 | D:10     | Entered Level 10 of the Dungeon
 12853 | D:10     | Found a staircase to the Orcish Mines.
 12954 | D:10     | Found a staircase to the Lair.
 12963 | D:10     | Reached skill level 5 in Invocations
 12966 | D:10     | Reached **** piety under Cheibriados
 13248 | D:10     | Gained mutation: Your touch may inflict irresistible damage
                  | on your foes. [demonic ancestry]
 13248 | D:10     | Reached XP level 12. HP: 61/80 MP: 7/24
 13650 | D:11     | Reached ***** piety under Cheibriados
 13745 | D:11     | Learned a level 5 spell: Alistair's Intoxication
 13943 | D:11     | Noticed a two-headed ogre
 13950 | D:11     | Killed a two-headed ogre
 14125 | D:11     | Found a viscous altar of Jiyva.
 14490 | D:11     | Reached skill level 1 in Poison Magic
 14925 | D:12     | Noticed Josephine
 14960 | D:12     | Killed Josephine
 14998 | D:12     | Found a transporter.
 14998 | D:12     | Noticed a tengu warrior
 15001 | D:12     | Noticed a deep troll earth mage
 15001 | D:12     | Noticed dricus's ghost (journeyman GnWn)
 15004 | D:12     | Found a transporter.
 15005 | D:12     | Noticed a seven-headed hydra
 15020 | D:12     | Noticed a two-headed ogre
 15032 | D:12     | Killed a two-headed ogre
 15042 | D:12     | Noticed Maurice
 15067 | D:12     | Killed Maurice
 15068 | D:12     | Reached skill level 9 in Spellcasting
 15748 | D:12     | Noticed a boulder beetle
 15786 | D:12     | Killed a boulder beetle
 16018 | D:12     | Killed a deep troll earth mage
 16019 | D:12     | Gained mutation: You have a sharp stinger which inflicts
                  | weakening toxins. [demonic ancestry]
 16019 | D:12     | Reached XP level 13. HP: 73/86 MP: 11/26
 16049 | D:12     | Killed dricus's ghost
 16156 | D:13     | Found a flickering gateway to a bazaar.
 16161 | Bazaar   | Entered a bazaar
 16405 | Bazaar   | Found Kaumelek's Antique Armour Shoppe.
 16405 | Bazaar   | Found Gonumpy's Book Emporium.
 16426 | Bazaar   | Found Cuesefo's Book Shoppe.
 16434 | Bazaar   | Bought a book of Ice for 460 gold pieces
 16440 | Bazaar   | Learned a level 5 spell: Freezing Cloud
 16447 | Bazaar   | Learned a level 6 spell: Simulacrum
 16458 | Bazaar   | Found Paip's Jewellery Shoppe.
 16458 | Bazaar   | Found Necrikip's Weapon Emporium.
 16755 | D:13     | Identified the +0 scale mail "Zyfrur" {rPois rCorr MP-9
                  | Slay+6}
 16807 | D:13     | Reached skill level 1 in Necromancy
 16926 | D:13     | HP: 3/88 [mirror damage (10)]
 16927 | D:13     | Killed by mirror damage

Illustrated notes

Levels and vault maps discovered:
D:1:      psy_arrival_dodecagon, layout_basic, st_stairs_12
D:2:      wad_river_or_something, layout_basic, minivault_24, minmay_ruptured
D:3:      layout_loops_ring, eino_tiny_chamber, uniq_terence, uniq_jessica
D:4:      layout_loops_ring, eino_tiny_chamber, grunt_ministairs_12
D:5:      minmay_general_purpose_star, layout_basic, feat_on_display, uniq_ijyb,
          uniq_crazy_yiuf_cottage, uniq_blork_the_orc
D:6:      corexii_shack_village, layout_basic, mainiacjoe_overflow_boulevard,
          uniq_menkaure
D:7:      layout_loops_corners, minmay_temple_entry_arrows,
          guppyfry_early_elven_hall, uniq_harold, uniq_pikel
D:8:      minmay_the_grid_triangle_9x9_rhombus_full
          [minmay_the_grid_triangle_9x9_corruption,
          minmay_the_grid_triangle_9x9_subtriangle,
          minmay_the_grid_triangle_9x9_zippers_vertical,
          minmay_the_grid_triangle_9x9_tough_junction,
          minmay_the_grid_triangle_9x9_windchime,
          minmay_the_grid_triangle_9x9_longest,
          minmay_the_grid_triangle_9x9_semitri,
          minmay_the_grid_triangle_9x9_prize_special], layout_rooms
D:9:      layout_small_grid, serial_ice, serial_ice_i, serial_ice_h,
          serial_ice_m, serial_ice_o, serial_ice_e, serial_ice_f, serial_ice_a,
          serial_ice_g
D:10:     layout_layer_cave, due_lair_maze_entry_diamond,
          minmay_orc_entry_guard_dogs, grunt_decor_resistance
D:11:     layout_stronghold, chequers_jeans, jiyva_altar_1
D:12:     layout_basic, gammafunk_ghost_arena, uniq_maurice, uniq_josephine
D:13:     evilmike_diamond_2, layout_rooms, david_vaults_2, serial_shops,
          bzr_entry_road, minmay_nine_imps
Temple:   mainiacjoe_temple_starburst

Skill      XL: |  1  2  3  4  5  6  7  8  9 10 11 12 13 |
---------------+----------------------------------------+-----
Dodging        | 2 3 4 5 6 7 |  7.3
Stealth        | 2 3 4 5 6 7 8 |  8.1
Armour         | 1 2 3 4 5 6 7 |  7.1
Fighting       | 1 2 3 4 5 6 7 |  7.7
Short Blades   | 1 2 3 4 5 6 7 |  7.0
Ice Magic      | 4 5 6 7 8 |  8.2
Spellcasting   | 3 4 5 6 7 8 9 |  9.4
Conjurations   | 2 3 4 5 6 |  6.9
Invocations    | 3 5 6 7 |  7.7
Poison Magic   | 2 3 |  3.3
Necromancy     | 1 |  1.5
Transmutations | |  0.2

Action                   |  1- 3 |  4- 6 |  7- 9 | 10-12 | 13-15 || total
-------------------------+-------+-------+-------+-------+-------++-------
Melee: Rapier            |    42 |   135 |   165 |       |       ||   342
       Headbutt          |     6 |    29 |    40 |    95 |    23 ||   193
       Punch             |       |     2 |     1 |       |       ||     3
       Tailslap          |       |       |    22 |    71 |    11 ||   104
       Pair of quick bla |       |       |    20 |   338 |    71 ||   429
 Cast: Freeze            |    33 |    13 |     1 |       |       ||    47
       Frozen Ramparts   |     3 |    15 |    24 |    33 |     5 ||    80
       Ozocubu's Armour  |       |     5 |    12 |    18 |     5 ||    40
       Hailstorm         |       |       |       |    28 |    10 ||    38
       Alistair's Intoxi |       |       |       |     1 |       ||     1
       Freezing Cloud    |       |       |       |       |     4 ||     4
Invok: Slouch            |       |       |       |     1 |     2 ||     3
Evoke: Wand              |       |       |     1 |       |       ||     1
  Use: Potion            |       |     4 |     3 |     3 |     4 ||    14
       Scroll            |       |     5 |     8 |     6 |     1 ||    20
 Stab: Sleeping          |     3 |     5 |     5 |    18 |     3 ||    34
       Distracted        |       |       |       |     2 |     1 ||     3
       Invisible         |       |       |       |       |     3 ||     3
Armor: Robe              |     4 |    15 |    70 |   112 |    23 ||   224
       Leather armour    |       |     8 |       |       |       ||     8
Dodge: Dodged            |    44 |    86 |   142 |   215 |    49 ||   536
Block: Other             |     1 |    29 |    43 |    49 |     6 ||   128
